 Dungeon Crawl Stone Soup version 0.26.1-11-gd32895ea62 (webtiles) character file.

Game seed: 3104389542394642390

129 Doot the Caller (level 5, 0/37 HPs)
             Began as a Barachi Summoner on May 20, 2021.
             Killed by divine providence
             ... invoked by an orc priest
              (15 damage)
             ... on level 3 of the Dungeon.
             The game lasted 00:05:18 (2978 turns).

Doot the Caller (Barachi Summoner)                  Turns: 2978, Time: 00:05:18

Health: 0/37       AC:  5    Str:  9    XL:     5   Next: 12%
Magic:  5/9        EV: 13    Int: 20    God:
Gold:   98         SH:  0    Dex: 15    Spells: 3/9 levels left

rFire    . . .     SeeInvis .   q - -2 short sword (curse)
rCold    . . .     Faith    .   (no shield)
rNeg     . . .     Spirit   .   a - +0 robe
rPois    .         Reflect  .   o - +1 helmet {Int+3}
rElec    .         Harm     .   (no cloak)
rCorr    .         Rampage  .   i - +0 pair of gloves {Dex+3}
Will     .....     Rnd*Tele +   (no boots)
Stlth    +.........             (no amulet)
HPRegen  0.12/turn              d - ring of flight
MPRegen  0.11/turn              e - ring of teleportation (curse)

@: confused, slow
A: +LOS, swims, slowness 1, strong legs 1
a: Hop, Evoke Flight


You were on level 3 of the Dungeon.
You visited 1 branch of the dungeon, and saw 3 of its levels.

You collected 98 gold pieces.

Inventory:

Hand Weapons
 f - a +0 dagger
 g - a +0 whip
 q - a cursed -2 short sword (weapon)
Armour
 a - a +0 robe (worn)
 i - a +0 pair of gloves of dexterity (worn)
 o - a +1 helmet of intelligence (worn)
Jewellery
 d - a ring of flight (left hand)
 e - a cursed ring of teleportation (right hand)
Scrolls
 c - 3 scrolls of identify {unknown}
 k - a scroll of random uselessness {unknown}
 l - a scroll of teleportation {unknown}
 m - a scroll of magic mapping {unknown}
 n - a scroll of noise {unknown}
 p - a scroll of immolation {unknown}
 t - a scroll of enchant armour {unknown}
Potions
 b - a potion of cancellation {unknown}
 h - a potion of haste {unknown}
 j - a potion of curing {unknown}
 r - a potion of ambrosia {unknown}
 s - a potion of might {unknown}


   Skills:
 + Level 1.1 Fighting
 + Level 0.5 Short Blades
 + Level 1.5 Maces & Flails
 + Level 3.1 Dodging
 + Level 2.3 Stealth
 + Level 2.9 Spellcasting
 + Level 5.7 Summonings


You had 3 spell levels left.
You knew the following spells:

 Your Spells              Type           Power        Failure   Level
a - Summon Small Mammal   Summ           100%         1%          1
b - Call Imp              Summ           26%          1%          2
c - Call Canine Familiar  Summ           26%          4%          3

Your spell library contained the following spells:

 Spells                   Type           Power        Failure   Level
 Summon Guardian Golem    Hex/Summ       14%          13%         3
 Summon Ice Beast         Ice/Summ       14%          41%         4
 Summon Lightning Spire   Summ/Air       14%          41%         4


Dungeon Overview and Level Annotations

Branches:
Dungeon (3/15)

Altars:
Hepliaklqana


Innate Abilities, Weirdness & Mutations

You can be seen from farther away. (+LOS)
You can swim through water.
You cover ground slowly.
You can hop short distances.


Message History

Are you sure you want to stumble around while confused and next to your crimson imp?
Okay, then.
Are you sure you want to stumble around while confused and next to your crimson imp?
Okay, then.
Unknown command.
Unknown command.
The orc priest invokes the aid of Beogh against you.
Pain shoots through your body! Something hits you.
The orc barely misses your hound.
Your hound bites something.
The orc priest hits you but does no damage.
You hear some strange, mumbled words.
You are more confused.
Your hound bites something.
The orc hits your hound but does no damage.
The orc barely misses your hound.
Your hound barely misses the orc.
The orc priest invokes the aid of Beogh against you.
Beogh smites you!
You die...

######## #......#
######.####.#######
#...<..##.........#
............#####.#
....#..##.#.# #.#
#.#.#.......# #.#
.......<..#.#####.####
#..##..####.##..@oho.#
#..##..## #.##.##5#o.#
<........ ..## #.#†.#
##.###.....## .....#
#.# .... ##.#..#
.....# ....#.# ####.
.# #...#


You could see an orc priest, 2 orcs, a friendly hound (summoned) and a friendly
crimson imp (summoned).

Vanquished Creatures
  A leopard gecko (D:2)
  2 giant cockroaches
  2 goblins (D:1)
  3 hobgoblins
  A jackal (D:1)
  5 bats
  2 frilled lizards
  4 kobolds
  3 rats
23 creatures vanquished.

Vanquished Creatures (collateral kills)
  Sigmund (D:2)
  An adder (D:2)
  An orc (D:3)
  A giant cockroach (D:1)
  3 goblins (D:1)
  4 hobgoblins
  6 jackals (D:1)
  2 ball pythons (D:1)
  4 bats
  2 frilled lizards
  4 kobolds
  4 rats
33 creatures vanquished.

Grand Total: 56 creatures vanquished

Notes
Turn   | Place    | Note
-------+----------+-------------------------------------------
     0 | D:1      | Doot the Barachi Summoner began the quest for the Orb.
     0 | D:1      | Reached XP level 1. HP: 13/13 MP: 3/3
   301 | D:1      | Reached skill level 5 in Summonings
   342 | D:1      | Reached XP level 2. HP: 7/19 MP: 0/5
   350 | D:1      | Learned a level 2 spell: Call Imp
  1104 | D:1      | Reached XP level 3. HP: 9/24 MP: 1/6
  1397 | D:1      | Learned a level 3 spell: Call Canine Familiar
  2196 | D:2      | Noticed Sigmund
  2220 | D:2      | Killed Sigmund
  2221 | D:2      | Reached skill level 1 in Fighting
  2221 | D:2      | Reached skill level 1 in Maces & Flails
  2221 | D:2      | Reached XP level 4. HP: 23/32 MP: 1/8
  2221 | D:2      | Reached XP level 5. HP: 27/37 MP: 1/9
  2476 | D:2      | Found a hazy altar of Hepliaklqana.
  2665 | D:2      | Found a faded altar of an unknown god.
  2978 | D:3      | Killed from afar by an orc priest

Illustrated notes

Levels and vault maps discovered:
D:1:      minmay_arrival_loop, layout_rooms
D:2:      layout_loops_ring, chequers_ecumenical_altar_twisty,
          lemuel_altar_in_water2, uniq_sigmund
D:3:      layout_loops_cross, grunt_decor_fettered, minmay_pentomino_pile

Skill      XL: |  1  2  3 |
---------------+----------+-----
Summonings     | 5 |  5.7
Fighting       | 1 |  1.1
Maces & Flails | 1 |  1.5
Dodging        | 3 |  3.1
Stealth        | 2 |  2.3
Short Blades   | |  0.5
Spellcasting   | |  2.9

Action                   |  1- 3 |  4- 6 || total
-------------------------+-------+-------++-------
Melee: Unarmed           |    26 |       ||    26
       Whip              |    66 |       ||    66
       Short sword       |     8 |    26 ||    34
 Cast: Summon Small Mamm |    12 |       ||    12
       Call Imp          |     9 |     3 ||    12
       Call Canine Famil |     1 |     1 ||     2
 Stab: Sleeping          |     3 |     1 ||     4
Armor: Robe              |    40 |     9 ||    49
Dodge: Dodged            |   130 |    37 ||   167
